[Event "January 2 Early 2024"]
[Site "https://www.chess.com"]
[Date "2024.01.02"]
[Round "1"]
[White "Carlsen, Magnus"]
[Black "Santos Flores, Alberto"]
[Result "1-0"]
[Board "1"]
[TimeControl "180+1"]
[WhiteFideId "1503014"]
[BlackFideId "3601234"]
[WhiteElo "3366"]
[BlackElo "2532"]
[WhiteTeam "NOR"]
[BlackTeam "ECU"]
[WhiteClock "0:02:29"]
[BlackClock "0:00:00"]

1. e4 e6 2. b3 d5 3. Bb2 dxe4 4. Nc3 Nf6 5. g4 h6 6. Qe2 Bb4 7. O-O-O Qe7 8. Kb1 Ba3 9. Ba1 a5 10. Nxe4 Nxe4 11. Qxe4 a4 12. Bxg7 axb3 13. Bxh8 bxa2+ 14. Ka1 Nc6 15. Bb5 Bd7 16. Nf3 Qc5 17. Qc4 Qxf2 18. Rhf1 Qg2 19. Ne5 Nxe5 20. Bxe5 c6 21. Qf4 O-O-O 22. Qa4 1-0

[Event "January 2 Early 2024"]
[Site "https://www.chess.com"]
[Date "2024.01.02"]
[Round "1"]
[White "Rangel, Daniel"]
[Black "Nakamura, Hikaru"]
[Result "0-1"]
[Board "2"]
[TimeControl "180+1"]
[WhiteFideId "2124475"]
[BlackFideId "2016192"]
[WhiteElo "2531"]
[BlackElo "3238"]
[WhiteTeam "BRA"]
[BlackTeam "USA"]
[WhiteClock "0:00:00"]
[BlackClock "0:00:34"]

1. c4 g6 2. g3 Bg7 3. Bg2 d6 4. Nc3 Nc6 5. e4 Bd7 6. Nge2 Qc8 7. h4 Nf6 8. d4 e5 9. d5 Ne7 10. f3 c5 11. dxc6 Qxc6 12. b3 Be6 13. Be3 O-O 14. Qd2 a6 15. g4 h5 16. Nd5 Rae8 17. Nxf6+ Bxf6 18. gxh5 gxh5 19. Bh6 Ng6 20. Bxf8 Kxf8 21. Qh6+ Ke7 22. Qe3 Nf4 23. Bf1 Qc7 24. Rd1 Qa5+ 25. Nc3 b5 26. Kf2 Rc8 27. Qd2 Qb6+ 28. Qe3 Qc7 29. Nd5+ Bxd5 30. cxd5 Qa5 31. Rd2 Rc3 32. Qa7+ Kf8 33. Qb8+ Ke7 34. Qa7+ Rc7 35. Qe3 Kf8 36. Bh3 Bxh4+ 37. Kg1 Bg3 0-1

[Event "January 2 Early 2024"]
[Site "https://www.chess.com"]
[Date "2024.01.02"]
[Round "1"]
[White "Nihal Sarin"]
[Black "Kambrath, Yannick"]
[Result "1-0"]
[Board "3"]
[TimeControl "180+1"]
[WhiteFideId "25092340"]
[BlackFideId "20632525"]
[WhiteElo "3203"]
[BlackElo "2531"]
[WhiteTeam "IND"]
[BlackTeam "FRA"]
[WhiteClock "0:02:18"]
[BlackClock "0:00:06"]

1. e4 e5 2. Nf3 Nc6 3. Bb5 a6 4. Ba4 Nf6 5. O-O Be7 6. Re1 b5 7. Bb3 O-O 8. a4 Bb7 9. d3 d6 10. Nbd2 h6 11. Nf1 Re8 12. Ng3 Bf8 13. c3 g6 14. Nh4 d5 15. exd5 Nxd5 16. Qg4 Bc8 17. Qf3 Be6 18. axb5 Qxh4 19. Bxd5 Bxd5 20. Qxd5 Ne7 21. Qf3 axb5 22. Rxa8 1-0

[Event "January 2 Early 2024"]
[Site "https://www.chess.com"]
[Date "2024.01.02"]
[Round "1"]
[White "Novikov, Evgenij"]
[Black "Vachier-Lagrave, Maxime"]
[Result "0-1"]
[Board "4"]
[TimeControl "180+1"]
[WhiteFideId "4125380"]
[BlackFideId "623539"]
[WhiteElo "2530"]
[BlackElo "3187"]
[WhiteTeam "RUS"]
[BlackTeam "FRA"]
[WhiteClock "0:00:06"]
[BlackClock "0:02:18"]

1. d4 Nf6 2. c4 e6 3. Nc3 d5 4. cxd5 exd5 5. Bg5 c6 6. e3 Be7 7. Bd3 h6 8. Bh4 O-O 9. Nge2 Ne8 10. Bg3 Nd6 11. Qc2 Re8 12. O-O-O a5 13. e4 dxe4 14. Nxe4 Nxe4 15. Bxe4 Be6 16. Kb1 Na6 17. a3 Nb4 18. axb4 axb4 19. d5 Qa5 20. Qb3 cxd5 21. Rxd5 Qa1+ 22. Kc2 Rac8+ 23. Kd2 Qxh1 24. Nf4 Qc1+ 25. Ke2 Bxd5 26. Nxd5 Bg5 27. Kf3 Rxe4 28. Kxe4 Re8+ 29. Kd4 Qd2+ 30. Kc4 Rd8 31. Ne3 Qd4+ 32. Kb5 Bxe3 33. fxe3 Rd5+ 34. Ka4 Qa7+ 35. Kxb4 Qc5+ 36. Ka4 Qa5# 0-1

[Event "January 2 Early 2024"]
[Site "https://www.chess.com"]
[Date "2024.01.02"]
[Round "1"]
[White "Firouzja, Alireza"]
[Black "Rodriguez Fontecha, Marcos"]
[Result "1-0"]
[Board "5"]
[TimeControl "180+1"]
[WhiteFideId "12573981"]
[BlackFideId "2256576"]
[WhiteElo "3160"]
[BlackElo "2530"]
[WhiteTeam "FRA"]
[BlackTeam "ESP"]
[WhiteClock "0:01:51"]
[BlackClock "0:00:16"]

1. d4 d5 2. Bg5 Bf5 3. e3 c6 4. Nd2 Nd7 5. Ngf3 Ngf6 6. c3 e6 7. Be2 h6 8. Bh4 Bd6 9. O-O O-O 10. c4 Qe7 11. c5 Bc7 12. b4 e5 13. Nb3 Rfe8 14. b5 Bg6 15. bxc6 bxc6 16. dxe5 Nxe5 17. Nfd4 Rac8 18. Rc1 Bb8 19. Rc3 Ned7 20. f3 Qe5 21. Bg3 Qe7 22. Bxb8 Nxb8 23. Qe1 Nbd7 24. Qh4 Ne5 25. Re1 Nfd7 26. Qxe7 Rxe7 27. Na5 Nb8 28. Kf2 Ned7 29. Rec1 Rc7 30. Rb3 Re8 31. Nb7 Ne5 32. Nd6 Rf8 33. f4 Nc4 34. Nxc4 dxc4 35. Rxc4 Be4 36. Bf3 Bd5 37. Bxd5 cxd5 38. Rc2 Rfc8 39. c6 Kf8 40. Rb5 Rd8 41. Rb7 Rdc8 42. Rcb2 Nxc6 43. Rxc7 Rxc7 44. Rc2 1-0

[Event "January 2 Early 2024"]
[Site "https://www.chess.com"]
[Date "2024.01.02"]
[Round "1"]
[White "Davidson, Kevin"]
[Black "Nepomniachtchi, Ian"]
[Result "0-1"]
[Board "6"]
[TimeControl "180+1"]
[WhiteFideId "2056810"]
[BlackFideId "4168119"]
[WhiteElo "2529"]
[BlackElo "3124"]
[WhiteTeam "USA"]
[BlackTeam "RUS"]
[WhiteClock "0:00:08"]
[BlackClock "0:01:10"]

1. e4 c5 2. Nf3 d6 3. d4 cxd4 4. Nxd4 Nf6 5. Nc3 a6 6. h3 e5 7. Nde2 h5 8. Bg5 Be7 9. Bxf6 Bxf6 10. Nd5 Bg5 11. Nec3 Be6 12. Bc4 Nd7 13. O-O Rc8 14. Bb3 Nc5 15. Qe2 g6 16. Rad1 O-O 17. f4 exf4 18. Nxf4 Bxf4 19. Rxf4 Qg5 20. Rf3 Qe5 21. Bd5 b5 22. b4 Nd7 23. Qd2 Bxd5 24. Nxd5 Kg7 25. Qd3 Rc4 26. a4 Rxe4 27. axb5 axb5 28. Qxb5 Rd4 29. Rxd4 Qxd4+ 30. Kh2 Ne5 31. Rf1 Nc4 32. c3 Qe5+ 33. Kh1 Ne3 34. Re1 Qxd5 35. Qxd5 Nxd5 36. Rd1 Nxc3 37. Rxd6 Rb8 38. Rd4 Na2 39. g4 hxg4 40. hxg4 Rxb4 41. Rxb4 Nxb4 42. Kg2 Kf6 43. Kf3 Kg5 44. Kg3 Nd5 45. Kf3 Nf6 46. Kg3 Nxg4 47. Kf3 f5 48. Kg3 f4+ 49. Kf3 Kf5 50. Kg2 Ne5 51. Kf2 g5 52. Ke2 g4 53. Kf2 Ke4 54. Ke2 g3 55. Kf1 f3 56. Kg1 Ke3 57. Kf1 Ng6 58. Kg1 Nf4 59. Kf1 g2+ 60. Kg1 f2+ 61. Kh2 g1=Q# 0-1

[Event "January 2 Early 2024"]
[Site "https://www.chess.com"]
[Date "2024.01.02"]
[Round "1"]
[White "Aronian, Levon"]
[Black "Ljukin, Sergei"]
[Result "1-0"]
[Board "7"]
[TimeControl "180+1"]
[WhiteFideId "13300474"]
[BlackFideId "14102200"]
[WhiteElo "3115"]
[BlackElo "2528"]
[WhiteTeam "USA"]
[BlackTeam "UKR"]
[WhiteClock "0:01:35"]
[BlackClock "0:01:52"]

1. e4 e6 2. d4 d5 3. e5 c5 4. c3 Nc6 5. Nf3 Qb6 6. a3 c4 7. g3 Na5 8. Nbd2 Bd7 9. h4 f5 10. Bh3 O-O-O 11. Kf1 Be7 12. Kg2 g6 13. Rb1 Qc7 14. Nf1 h6 15. Be3 Rf8 16. N1d2 Kb8 17. Kg1 Rh7 18. Bf1 Rg7 19. b4 cxb3 20. Nxb3 Ba4 21. Nfd2 g5 22. hxg5 hxg5 23. f3 f4 24. Bf2 g4 25. fxg4 fxg3 26. Bxg3 Qxc3 27. Rh3 Nxb3 28. Nxb3 Bxb3 29. Rxb3 Qxd4+ 30. Qxd4 1-0

[Event "January 2 Early 2024"]
[Site "https://www.chess.com"]
[Date "2024.01.02"]
[Round "1"]
[White "Hirneise, Jens"]
[Black "Paravyan, David"]
[Result "0-1"]
[Board "8"]
[TimeControl "180+1"]
[WhiteFideId "24614734"]
[BlackFideId "4194985"]
[WhiteElo "2527"]
[BlackElo "3096"]
[WhiteTeam "GER"]
[BlackTeam "FID"]
[WhiteClock "0:00:51"]
[BlackClock "0:02:10"]

1. d4 d5 2. Nf3 Nf6 3. e3 c5 4. c3 e6 5. Bd3 Nc6 6. O-O Bd6 7. Nbd2 O-O 8. dxc5 Bxc5 9. e4 Qc7 10. Qe2 h6 11. e5 Ng4 12. Nb3 Bb6 13. Bf4 f6 14. Rae1 fxe5 15. Bxe5 Ncxe5 16. Nxe5 Rxf2 17. Rxf2 Bxf2+ 18. Kh1 Qxe5 19. Qxe5 Nxe5 20. Rxe5 Bd7 21. g3 Rf8 22. Kg2 Bb6 23. Nd4 Bc7 24. Re2 e5 25. Nb3 Bg4 26. Rd2 e4 27. Be2 e3 28. Bxg4 exd2 29. Be6+ Kh8 30. Nxd2 Bb6 31. Nf3 Re8 32. Bxd5 Re2+ 33. Kh3 Rxb2 34. Bxb7 Rxa2 35. Bd5 Rc2 36. c4 a5 37. Ne5 g5 38. Nd7 Bd4 0-1

[Event "January 2 Early 2024"]
[Site "https://www.chess.com"]
[Date "2024.01.02"]
[Round "1"]
[White "Lazavik, Denis"]
[Black "Tabuenca Mendataurigoitia, Daniel"]
[Result "1-0"]
[Board "9"]
[TimeControl "180+1"]
[WhiteFideId "13515110"]
[BlackFideId "24563617"]
[WhiteElo "3085"]
[BlackElo "2527"]
[WhiteTeam "BLR"]
[BlackTeam "ESP"]
[WhiteClock "0:01:13"]
[BlackClock "0:00:00"]

1. d4 Nf6 2. c4 c5 3. d5 g6 4. Nc3 Bg7 5. e4 d6 6. Bd3 O-O 7. h3 e6 8. Nf3 Nbd7 9. O-O e5 10. Be3 Kh8 11. g4 a6 12. Kh2 h6 13. Rg1 Nh7 14. Qd2 g5 15. Ne2 Rg8 16. Ng3 Ndf8 17. b4 b6 18. Rab1 Ng6 19. Nf5 Nf4 20. Bc2 Nf6 21. bxc5 bxc5 22. Rb3 Bxf5 23. exf5 Rb8 24. Rgb1 Qc7 25. Qd1 Rxb3 26. Rxb3 Rb8 27. Nd2 Rxb3 28. axb3 Qb6 29. Ne4 Nxe4 30. Bxe4 Bf6 31. Bc2 Qb4 32. Qd2 Qxd2 33. Bxd2 Bd8 34. b4 cxb4 35. Bxb4 Bc7 36. f6 Kg8 37. Be4 a5 38. Ba3 Ne2 39. c5 dxc5 40. Bxc5 1-0

[Event "January 2 Early 2024"]
[Site "https://www.chess.com"]
[Date "2024.01.02"]
[Round "1"]
[White "Veiga, Jose Francisco R P Neves"]
[Black "Erigaisi Arjun"]
[Result "1/2-1/2"]
[Board "10"]
[TimeControl "180+1"]
[WhiteFideId "1930087"]
[BlackFideId "35009192"]
[WhiteElo "2527"]
[BlackElo "3085"]
[WhiteTeam "POR"]
[BlackTeam "IND"]
[WhiteClock "0:00:09"]
[BlackClock "0:00:08"]

1. c4 g6 2. g3 f5 3. Bg2 c5 4. Nf3 Bg7 5. O-O Nc6 6. Nc3 Nf6 7. d4 cxd4 8. Nxd4 O-O 9. Nc2 d6 10. Bd2 Be6 11. b3 Rc8 12. Rc1 Kh8 13. Ne3 a6 14. Ncd5 Nd7 15. Bc3 Bxc3 16. Rxc3 Qa5 17. Qa1 Kg8 18. Nf4 Bf7 19. Bd5 e5 20. Bxf7+ Rxf7 21. Nfd5 Nd4 22. Re1 b5 23. cxb5 Rxc3 24. Qxc3 Qxc3 25. Nxc3 axb5 26. Ned5 Nc5 27. Rd1 Rb7 28. e3 Nf3+ 29. Kg2 e4 30. b4 Nd3 31. g4 Kf7 32. Kg3 Nfe5 33. Nf4 Nxf4 34. exf4 Nd3 35. f3 Rc7 36. Nxb5 Rc6 37. gxf5 gxf5 38. Nd4 Rc3 39. Nxf5 d5 40. b5 Ke6 41. b6 Nc5 42. Nd4+ Kf6 43. Rb1 Rd3 44. Rb4 e3 45. Ne2 Rd2 46. Nc3 d4 47. b7 e2 48. Nxe2 Nxb7 49. Nxd4 Nd6 50. Kg4 Rxh2 51. Rb6 Ke7 52. Nf5+ Nxf5 53. Kxf5 Rh5+ 54. Ke4 Ra5 55. Rb2 Kf6 56. Rb6+ Ke7 57. Rb2 Kf6 58. Rb6+ Ke7 1/2-1/2

[Event "January 2 Early 2024"]
[Site "https://www.chess.com"]
[Date "2024.01.02"]
[Round "1"]
[White "So, Wesley"]
[Black "Rietze, Clemens, Dr."]
[Result "1-0"]
[Board "11"]
[TimeControl "180+1"]
[WhiteFideId "5202213"]
[BlackFideId "24620351"]
[WhiteElo "3082"]
[BlackElo "2527"]
[WhiteTeam "USA"]
[BlackTeam "GER"]
[WhiteClock "0:00:17"]
[BlackClock "0:00:00"]

1. b3 Nf6 2. Bb2 g6 3. c4 Bg7 4. g3 O-O 5. Bg2 d6 6. d4 a5 7. Nf3 a4 8. O-O Bd7 9. b4 c5 10. bxc5 dxc5 11. d5 b5 12. cxb5 Bxb5 13. Nc3 a3 14. Bxa3 Rxa3 15. Nxb5 Ra5 16. Nc3 Ra3 17. Nb5 Ra5 18. Nc3 Ra3 19. Rc1 Qa5 20. Qd2 Nbd7 21. Rc2 Ra8 22. Rfc1 Ne8 23. Ne4 Rxa2 24. Rxa2 Qxa2 25. Nxc5 Nxc5 26. Rxc5 Qb1+ 27. Rc1 Qb6 28. e3 Nd6 29. h4 Ne4 30. Qd3 Nc5 31. Qc4 Nd7 32. h5 gxh5 33. Nh4 Rd8 34. Nf5 Ne5 35. Qh4 Ng6 36. Nxe7+ Nxe7 37. Qxe7 Bf6 38. Qe4 Kg7 39. Rc6 Qb2 40. Qf5 Qa1+ 41. Kh2 h4 42. Qg4+ Kh8 43. gxh4 Rg8 44. Qf3 Bxh4 45. Qxf7 Qe5+ 46. Kh1 Bg5 47. Qf3 Qa1+ 48. Kh2 Qe5+ 49. Kh3 1-0

[Event "January 2 Early 2024"]
[Site "https://www.chess.com"]
[Date "2024.01.02"]
[Round "1"]
[White "Onufrienko, Vladislav"]
[Black "Martinez Alcantara, Jose Eduardo"]
[Result "0-1"]
[Board "12"]
[TimeControl "180+1"]
[WhiteFideId "13804332"]
[BlackFideId "3805662"]
[WhiteElo "2527"]
[BlackElo "3072"]
[WhiteTeam "KGZ"]
[BlackTeam "PER"]
[WhiteClock "0:02:12"]
[BlackClock "0:01:58"]

1. e4 c5 2. Nc3 d6 3. d4 cxd4 4. Qxd4 Nc6 5. Qd2 e6 6. b3 d5 7. exd5 exd5 8. Bb2 d4 9. Qe2+ Be6 10. O-O-O Qg5+ 11. Kb1 dxc3 12. Bxc3 Nf6 13. Nf3 Qc5 14. Bb2 Be7 15. h3 O-O 16. g4 Rfd8 17. g5 Nd5 18. Qe1 Nc3+ 19. Bxc3 Rxd1+ 20. Qxd1 Qxc3 0-1

[Event "January 2 Early 2024"]
[Site "https://www.chess.com"]
[Date "2024.01.02"]
[Round "1"]
[White "Sadhwani, Raunak"]
[Black "Kochiev, Ivan"]
[Result "1-0"]
[Board "13"]
[TimeControl "180+1"]
[WhiteFideId "35093487"]
[BlackFideId "2917890"]
[WhiteElo "3068"]
[BlackElo "2526"]
[WhiteTeam "IND"]
[BlackTeam "BUL"]
[WhiteClock "0:00:19"]
[BlackClock "0:00:02"]

1. e3 d5 2. Nf3 Nf6 3. Be2 Bf5 4. O-O h6 5. b3 c5 6. Bb2 e6 7. c4 Nc6 8. cxd5 Nxd5 9. Nc3 Nf6 10. d3 Be7 11. a3 O-O 12. Qc2 Rc8 13. Rac1 Nd4 14. exd4 cxd4 15. Nxd4 Qxd4 16. Qd2 Qd7 17. Rfd1 Rfd8 18. b4 Nd5 19. Ne4 Bxe4 20. dxe4 Bg5 21. Qd4 Bf6 22. e5 Bg5 23. Rxc8 Qxc8 24. Qc4 Qd7 25. g3 Rc8 26. Qb3 Qc6 27. Bf3 Qc2 28. Qxc2 Rxc2 29. Bd4 Bc1 30. a4 b6 31. a5 bxa5 32. bxa5 a6 33. Bb6 Bb2 34. Bxd5 exd5 35. Rxd5 g6 36. Rd8+ Kg7 37. Ra8 Bxe5 38. Rxa6 Ra2 39. Ra8 Bc3 40. a6 Rb2 41. Be3 Ra2 42. a7 Bb4 43. Rc8 1-0

[Event "January 2 Early 2024"]
[Site "https://www.chess.com"]
[Date "2024.01.02"]
[Round "1"]
[White "Bodnar, Nikolay"]
[Black "Caruana, Fabiano"]
[Result "0-1"]
[Board "14"]
[TimeControl "180+1"]
[WhiteFideId "14106469"]
[BlackFideId "2020009"]
[WhiteElo "2524"]
[BlackElo "3044"]
[WhiteTeam "UKR"]
[BlackTeam "USA"]
[WhiteClock "0:00:00"]
[BlackClock "0:01:11"]

1. e4 c6 2. d4 d5 3. exd5 cxd5 4. Bd3 Nc6 5. c3 Nf6 6. Nf3 Bg4 7. h3 Bh5 8. O-O e6 9. Re1 Bd6 10. Nbd2 O-O 11. Nf1 Qc7 12. Bg5 Nd7 13. Bh4 e5 14. dxe5 Ndxe5 15. Bxh7+ Kxh7 16. Ng5+ Kh6 17. Qd2 Nc4 18. Qxd5 Ne7 19. Qd3 Bg6 20. Qf3 Nf5 21. Qg4 Ne5 22. Rxe5 Bxe5 23. Nf3 Bf6 24. Bg5+ Kh7 25. Bxf6 gxf6 26. h4 Nh6 27. Qh3 Bf5 28. Qh1 Rg8 29. Ne3 Be4 30. Nd4 Rae8 31. Qh3 Qf4 32. Re1 Bxg2 0-1

[Event "January 2 Early 2024"]
[Site "https://www.chess.com"]
[Date "2024.01.02"]
[Round "1"]
[White "Iturrizaga Bonelli, Eduardo"]
[Black "RaugintaBulba"]
[Result "0-1"]
[Board "15"]
[TimeControl "180+1"]
[WhiteFideId "3901211"]
[WhiteElo "3044"]
[BlackElo "2524"]
[WhiteTeam "ESP"]
[WhiteClock "0:00:17"]
[BlackClock "0:00:39"]

1. c4 Nf6 2. g3 c5 3. Bg2 d5 4. cxd5 Nxd5 5. Nc3 Nc7 6. d3 Nc6 7. Be3 e5 8. Bxc6+ bxc6 9. Nf3 f6 10. Rc1 Be7 11. Ne4 Ne6 12. O-O Qb6 13. b3 Nd4 14. Nfd2 Bh3 15. Re1 O-O 16. Nc4 Qa6 17. Qd2 Rad8 18. Qa5 Qc8 19. Qxa7 Qe6 20. f3 Ra8 21. Qb6 Rfb8 22. Nxc5 Qd5 23. Nb7 Bd8 24. Qb4 Ra7 25. Ncd6 Ba5 26. Qc5 Bxe1 27. Qxa7 Nxe2+ 28. Kh1 Qxf3# 0-1

[Event "January 2 Early 2024"]
[Site "https://www.chess.com"]
[Date "2024.01.02"]
[Round "1"]
[White "xakevicius91"]
[Black "Makarian, Rudik"]
[Result "0-1"]
[Board "16"]
[TimeControl "180+1"]
[BlackFideId "44105681"]
[WhiteElo "2523"]
[BlackElo "3040"]
[BlackTeam "FID"]
[WhiteClock "0:00:28"]
[BlackClock "0:00:29"]

1. e4 c5 2. Nf3 d6 3. Bb5+ Nd7 4. a4 a6 5. Be2 Ngf6 6. Nc3 e5 7. O-O b6 8. d3 Be7 9. Ne1 O-O 10. f4 Bb7 11. Nf3 exf4 12. Bxf4 Ng4 13. h3 Nge5 14. Qe1 Nxf3+ 15. Bxf3 Ne5 16. Bxe5 dxe5 17. Nd5 Bxd5 18. exd5 Bd6 19. Be4 g6 20. g4 Qg5 21. Kh2 Kg7 22. Qg3 h5 23. Kg2 h4 24. Qe1 f5 25. Bf3 e4 26. Qc3+ Kh7 27. Be2 Qe3 28. Qe1 Bg3 29. Qd1 Rae8 30. Ra3 exd3 31. Bxd3 Bd6 32. Rf3 Qe5 33. gxf5 Qh2+ 34. Kf1 Qh1+ 35. Kf2 Bg3+ 36. Rxg3 hxg3+ 37. Kxg3 Qxd1 0-1

[Event "January 2 Early 2024"]
[Site "https://www.chess.com"]
[Date "2024.01.02"]
[Round "1"]
[White "Fedoseev, Vladimir"]
[Black "Yaniuk, Volodymyr"]
[Result "1/2-1/2"]
[Board "17"]
[TimeControl "180+1"]
[WhiteFideId "24130737"]
[BlackFideId "14133083"]
[WhiteElo "3038"]
[BlackElo "2522"]
[WhiteTeam "SLO"]
[BlackTeam "UKR"]
[WhiteClock "0:00:07"]
[BlackClock "0:00:19"]

1. Nf3 d5 2. g3 Bg4 3. Bg2 Nd7 4. O-O c6 5. d3 Ngf6 6. Nbd2 e5 7. e4 dxe4 8. Nxe4 Nxe4 9. dxe4 Bc5 10. h3 Bxf3 11. Qxf3 O-O 12. Rd1 Qe7 13. h4 Rfd8 14. Bg5 f6 15. Bd2 Nf8 16. Bh3 Rd6 17. Be1 Rad8 18. Rxd6 Rxd6 19. a4 Rd8 20. b4 Bd4 21. c3 Bb6 22. a5 Bc7 23. Qe2 a6 24. Bd2 g6 25. Be3 Kg7 26. Kg2 h5 27. Qc4 Qf7 28. Qxf7+ Kxf7 29. Kf3 Ne6 30. Ke2 Ng7 31. Rd1 Rxd1 32. Kxd1 f5 33. Kc2 Ke6 34. Kd3 Ne8 35. f3 Nd6 36. Bc5 Ne8 37. g4 Ng7 38. gxf5+ gxf5 39. exf5+ Kf6 40. Ke4 Ne8 41. Bf1 Nd6+ 42. Bxd6 Bxd6 43. Bc4 c5 44. bxc5 Bxc5 45. Bd5 b6 46. axb6 Bxb6 47. c4 a5 48. Bc6 Bf2 49. Ba4 Bxh4 50. c5 Bf2 51. c6 Bb6 52. f4 exf4 53. Kxf4 Bc7+ 54. Ke4 1/2-1/2

[Event "January 2 Early 2024"]
[Site "https://www.chess.com"]
[Date "2024.01.02"]
[Round "1"]
[White "Kabanov, Nikolai"]
[Black "Duda, Jan-Krzysztof"]
[Result "0-1"]
[Board "18"]
[TimeControl "180+1"]
[WhiteFideId "4127820"]
[BlackFideId "1170546"]
[WhiteElo "2521"]
[BlackElo "3033"]
[WhiteTeam "RUS"]
[BlackTeam "POL"]
[WhiteClock "0:00:00"]
[BlackClock "0:00:24"]

1. e4 c6 2. Nf3 d5 3. exd5 cxd5 4. d4 Nc6 5. Ne5 e6 6. c3 Bd6 7. f4 Nf6 8. Bd3 Ne4 9. O-O O-O 10. Nd2 f5 11. Ndf3 Nxe5 12. Nxe5 b6 13. Qe2 a5 14. Kh1 Bb7 15. a4 Qc8 16. Be3 Ba6 17. Bb5 Bxe5 18. dxe5 Qb7 19. Rfd1 Rfc8 20. Rac1 h6 21. Kg1 Kh7 22. Qd3 Rc7 23. Qd4 Bxb5 24. axb5 Rc5 25. Qd3 Rc4 26. b3 Rc7 27. c4 dxc4 28. bxc4 Rac8 29. Qd4 Nc5 30. Qc3 a4 31. Bxc5 Rxc5 32. Qb4 Qe4 33. Qxa4 Qxf4 34. Re1 Rxe5 35. Qa6 Qd4+ 36. Kh1 Rxc4 37. Rcd1 Rc2 38. Qb7 Rd2 0-1

[Event "January 2 Early 2024"]
[Site "https://www.chess.com"]
[Date "2024.01.02"]
[Round "1"]
[White "Sarana, Alexey"]
[Black "Neagu, Roberto Florin"]
[Result "1-0"]
[Board "19"]
[TimeControl "180+1"]
[WhiteFideId "24133795"]
[BlackFideId "54588898"]
[WhiteElo "3033"]
[BlackElo "2521"]
[WhiteTeam "SRB"]
[BlackTeam "ESP"]
[WhiteClock "0:01:00"]
[BlackClock "0:00:28"]

1. d4 g6 2. e4 Bg7 3. Nf3 d6 4. Nc3 a6 5. a4 Nc6 6. Bc4 Nf6 7. Ba2 O-O 8. h3 e5 9. dxe5 Nxe5 10. Nd4 Re8 11. O-O Nc6 12. Nxc6 bxc6 13. Re1 Be6 14. Bg5 Qb8 15. Qd3 Nd7 16. Bxe6 Rxe6 17. Rab1 Nc5 18. Qc4 a5 19. Na2 Ra7 20. b3 Rb7 21. Bd2 Ra7 22. f3 Qb6 23. Be3 Qa6 24. Bxc5 dxc5 25. Qxa6 Rxa6 26. Nc1 Rb6 27. Nd3 Rd6 28. Kf1 Bd4 29. e5 Rd5 30. Rbd1 Kf8 31. Re4 g5 32. h4 h6 33. Ke2 Ke7 34. f4 f5 35. exf6+ Kxf6 36. fxg5+ hxg5 37. h5 Rb8 38. Rf1+ Rf5 39. g4 Rxf1 40. Kxf1 Rd8 41. Ke2 Bc3 42. Rc4 Re8+ 43. Kf3 Bd4 44. Nxc5 Re3+ 45. Kf2 Re4+ 46. Kf3 Rf4+ 47. Ke2 Rxg4 48. Nd3 Rh4 49. Rxc6+ Kf5 50. c3 Bb6 51. c4 Rh2+ 52. Kf1 Ke4 53. Ne1 Rh1+ 54. Ke2 Rh2+ 55. Kd1 Rh3 56. c5 Kd5 57. Rg6 Bxc5 58. Rxg5+ Kc6 59. Kc2 Rh2+ 60. Kd3 Bb4 61. Nf3 Rh3 62. Ke4 Kd7 63. Kf4 Bd6+ 64. Ke4 Ke7 65. Rxa5 c5 66. Ra7+ Kf6 67. Ra6 Ke7 68. Ra7+ Kf6 69. Rh7 Bf8 70. a5 Bg7 71. a6 Rh1 72. a7 Ra1 73. h6 Bf8 74. Ne5 Bd6 75. Nc6 Ra6 76. Kd5 Bf8 77. Rb7 Bxh6 78. Rb8 c4 79. bxc4 1-0

[Event "January 2 Early 2024"]
[Site "https://www.chess.com"]
[Date "2024.01.02"]
[Round "1"]
[White "Kovacsy, Barnabas"]
[Black "Mamedyarov, Shakhriyar"]
[Result "0-1"]
[Board "20"]
[TimeControl "180+1"]
[WhiteFideId "769290"]
[BlackFideId "13401319"]
[WhiteElo "2517"]
[BlackElo "3032"]
[WhiteTeam "HUN"]
[BlackTeam "AZE"]
[WhiteClock "0:00:08"]
[BlackClock "0:02:14"]

1. e4 d5 2. exd5 Qxd5 3. Nc3 Qa5 4. Bc4 Nf6 5. d4 Bf5 6. Bd2 Qb6 7. Nf3 e6 8. Qe2 c6 9. O-O-O Nbd7 10. Bf4 Bb4 11. Ne5 Bxc3 12. bxc3 Qa5 13. Nxd7 Nxd7 14. Qe3 Nb6 15. Bb3 Nd5 16. Bxd5 cxd5 17. Kb2 Rc8 18. Rhe1 Rc6 19. Rb1 Ra6 20. a4 Qxa4 0-1

[Event "January 2 Early 2024"]
[Site "https://www.chess.com"]
[Date "2024.01.02"]
[Round "1"]
[White "Shimanov, Aleksandr"]
[Black "Shuvalov, Evgenij"]
[Result "1-0"]
[Board "21"]
[TimeControl "180+1"]
[WhiteFideId "4198603"]
[BlackFideId "4187237"]
[WhiteElo "3031"]
[BlackElo "2516"]
[WhiteTeam "RUS"]
[BlackTeam "FID"]
[WhiteClock "0:02:18"]
[BlackClock "0:01:26"]

1. d4 Nf6 2. Bg5 g6 3. Bxf6 exf6 4. c4 Bg7 5. Nc3 O-O 6. g3 c5 7. dxc5 Qa5 8. Rc1 f5 9. Qd2 Qxc5 10. Bg2 d6 11. Nh3 Nc6 12. Nd5 a5 13. b3 Bd7 14. O-O Nb4 15. Rfd1 Bc6 16. Nhf4 Bh6 17. a3 Nxd5 18. cxd5 Qxa3 19. dxc6 bxc6 20. Bxc6 Rab8 21. Bd5 Qb4 22. Qxb4 Rxb4 23. e3 1-0

[Event "January 2 Early 2024"]
[Site "https://www.chess.com"]
[Date "2024.01.02"]
[Round "1"]
[White "Przybylski, Wojciech"]
[Black "Radjabov, Teimour"]
[Result "0-1"]
[Board "22"]
[TimeControl "180+1"]
[WhiteFideId "1117599"]
[BlackFideId "13400924"]
[WhiteElo "2516"]
[BlackElo "3028"]
[WhiteTeam "POL"]
[BlackTeam "AZE"]
[WhiteClock "0:00:00"]
[BlackClock "0:00:52"]

1. e4 e5 2. Nf3 Nc6 3. Bb5 Nf6 4. O-O Nxe4 5. d4 Nd6 6. Bxc6 dxc6 7. dxe5 Nf5 8. Qe2 Be6 9. Rd1 Qc8 10. Nc3 Be7 11. Bg5 h6 12. Bxe7 Nxe7 13. h3 O-O 14. Ne4 Ng6 15. Qe3 Re8 16. b3 Bf5 17. Qd4 b6 18. Re1 Qe6 19. c4 Rad8 20. Qc3 c5 21. Ng3 Rd3 22. Qb2 Bxh3 23. Qc2 Nf4 24. Re4 Bxg2 25. Rxf4 Rxf3 26. Rxf3 Bxf3 27. Qf5 Qxf5 28. Nxf5 Rxe5 29. Ne3 f5 30. Rc1 f4 31. Nd5 Rh5 0-1

[Event "January 2 Early 2024"]
[Site "https://www.chess.com"]
[Date "2024.01.02"]
[Round "1"]
[White "Pranav, V"]
[Black "Matyunin, Maxim"]
[Result "1-0"]
[Board "23"]
[TimeControl "180+1"]
[WhiteFideId "25060783"]
[BlackFideId "34106682"]
[WhiteElo "3028"]
[BlackElo "2516"]
[WhiteTeam "IND"]
[BlackTeam "RUS"]
[WhiteClock "0:00:37"]
[BlackClock "0:00:00"]

1. e4 e6 2. d4 d5 3. Nc3 Bb4 4. e5 Ne7 5. Bd2 c5 6. a3 Bxc3 7. Bxc3 Nbc6 8. Nf3 O-O 9. dxc5 Nf5 10. Bd3 d4 11. Bd2 Qd5 12. O-O Nxe5 13. Nxe5 Qxe5 14. Re1 Qxc5 15. Bb4 Qd5 16. Bxf8 Kxf8 17. c3 e5 18. Rc1 Be6 19. Be4 Qd7 20. Bxf5 Bxf5 21. Rxe5 dxc3 22. Qxd7 Bxd7 23. Rxc3 f6 24. Ree3 Bc6 25. f3 Rd8 26. Rcd3 Rc8 27. Kf2 Kf7 28. Rd2 a6 29. Red3 Re8 30. Rd8 Re5 31. Re2 Rc5 32. Rc8 a5 33. Rc7+ Kg6 34. g4 h5 35. h3 hxg4 36. hxg4 f5 37. Kg3 Kf6 38. Ree7 fxg4 39. fxg4 g5 40. Rf7+ Ke6 41. Rg7 Rc2 42. Rxg5 a4 43. Rb5 Rg2+ 44. Kh3 Rg1 45. Rbxb7 Rh1+ 46. Kg3 Rg1+ 47. Kh4 Bxb7 48. Rxb7 Ke5 49. Rb4 Rg2 50. Kh5 Kf6 51. Rb6+ Kg7 52. Kg5 Kf7 53. Rb7+ Ke6 54. Kh5 Kf6 55. Rb6+ Kg7 56. Kg5 Kf7 57. Rb4 Kg7 58. Kf5 Rf2+ 59. Ke5 Kg6 60. Kd5 Kg5 61. Kc5 Rf8 62. Rxa4 Rb8 63. Rb4 Rc8+ 64. Kb6 Rb8+ 65. Kc7 Ra8 66. a4 Kf6 67. Kb7 Rg8 68. a5 Ke5 69. a6 Rg7+ 70. Kb6 Rg6+ 71. Ka5 Rg7 72. Rb7 Rxg4 73. a7 Rg1 74. Rb8 Ra1+ 75. Kb6 Ra2 76. b4 Rb2 77. b5 Ra2 78. a8=Q 1-0